 Dungeon Crawl Stone Soup version 0.30-a0-883-g5ad918d77d (webtiles) character file.

Game seed: 17523285241737210650

1551 FallingFreak the Trooper (level 8, -3/68 HPs)
             Began as a Ghoul Venom Mage on Mar 15, 2023.
             Was a Believer of Okawaru.
             Slain by a water moccasin (7 damage)
             ... on level 7 of the Dungeon on Mar 16, 2023.
             The game lasted 00:57:29 (12047 turns).

FallingFreak the Trooper (Ghoul Venom Mage)        Turns: 12047, Time: 00:57:30

Health: -3/68      AC:  3    Str: 12    XL:     8   Next: 88%
Magic:  9/12       EV: 12    Int: 17    God:    Okawaru [**....]
Gold:   321        SH:  0    Dex:  9    Spells: 11/14 levels left

rFire   + + .      SeeInvis .    b - +0 quarterstaff
rCold   + + +      Faith    .    (shield currently unavailable)
rNeg    + + +      Spirit   .    F - +0 robe
rPois   ∞          Reflect  .    (no helmet)
rElec   .          Rampage  .    K - scarf {rC+ rF+}
rCorr   .                        (no gloves)
Will    .....                    l - +0 pair of boots of Bitterness {Int+5}
Stlth   ++                       k - amulet of the acrobat {@P7}
HPRegen 0.00/turn                v - ring of protection from cold
MPRegen 0.13/turn                E - ring of protection from fire

@: inhibited regen
A: claws 1, cold resistance 1, negative energy resistance 3, inhibited
regeneration, torment resistance 2, devour on kill
a: Renounce Religion, Heroism


You were on level 7 of the Dungeon.
You worshipped Okawaru.
Okawaru was pleased with you.
You visited 2 branches of the dungeon, and saw 9 of its levels.

You collected 321 gold pieces.

Inventory:

Hand Weapons
 a - a +1 dagger of venom
 b - a +0 quarterstaff (weapon)
 p - a +0 morningstar
 y - a +2 heavy sling
 D - a +2 vampiric hand axe
 Q - a +0 halberd
 W - a +1 mace of protection
Missiles
 d - 35 stones
 G - 16 poisoned darts
 H - a silver javelin (quivered)
 R - a throwing net {!f}
Armour
 h - a +0 ring mail
 l - the +0 pair of boots of Bitterness (worn) {Int+5}
   (You found it on level 2 of the Dungeon)

   Int:       It affects your intelligence (+5).
 w - a +0 scale mail
 A - a +0 leather armour
 F - a +0 robe (worn)
 K - a scarf of resistance (worn)
 X - a +1 pair of boots
Jewellery
 k - an amulet of the acrobat (around neck) {@P7}
 v - a ring of protection from cold (left claw)
 E - a ring of protection from fire (right claw)
 I - a ring of protection from fire
Wands
 o - a wand of flame (13)
 u - a wand of roots (12)
 M - a wand of mindburst (16)
Scrolls
 c - 3 scrolls of enchant weapon
 f - 3 scrolls of blinking
 g - 2 scrolls of teleportation
 m - a scroll of enchant armour {unknown}
 J - a scroll of magic mapping {unknown}
 N - a scroll of amnesia {unknown}
 O - a scroll of fog {unknown}
 T - 2 scrolls of silence
 V - 2 scrolls of summoning
Potions
 e - a potion of cancellation {unknown}
 j - a potion of degeneration {unknown}
 n - 3 potions of brilliance {unknown}
 q - 5 potions of mutation {unknown}
 s - 3 potions of heal wounds {unknown}
 t - a potion of ambrosia {unknown}
 x - 2 potions of magic
 z - a potion of curing
 C - a potion of haste {unknown}
 L - a potion of might {unknown}
 P - a potion of lignification {unknown}
 S - a potion of invisibility {unknown}
 U - a potion of resistance {unknown}


   Skills:
 + Level 5.3 Fighting
 + Level 4.4 Armour
 - Level 2.3 Dodging
 - Level 3.0 Stealth
 - Level 3.6 Spellcasting
 - Level 0.8 Transmutations
 - Level 3.2 Air Magic
 + Level 5.0 Poison Magic
 + Level 2.8 Invocations


You had 11 spell levels left.
You knew the following spells:

 Your Spells              Type           Power      Damage    Failure   Level
A - Poisonous Vapours     Pois/Air       34%        N/A       4%          2
Z - Sting                 Tmut/Pois      52%        1d5       4%          1

Your spell library contained the following spells:

 Spells                   Type           Power      Damage    Failure   Level
 Cigotuvi's Dreadful Rot  Necr/Pois/Air  24%        N/A       9%          2
 Mephitic Cloud           Conj/Pois/Air  12%        N/A       16%         3
 Slow                     Hex            12%        N/A       17%         1
 Olgreb's Toxic Radiance  Pois           20%        N/A       21%         4
 Confusing Touch          Hex            3%         N/A       45%         3
 Dazzling Flash           Conj/Hex       6%         N/A       45%         3
 Vampiric Draining        Necr           3%         2d6       45%         3
 Silence                  Hex/Air        4%         N/A       93%         5
 Agony                    Necr           3%         N/A       99%         5


Dungeon Overview and Level Annotations

Branches:
Dungeon (8/15) Zot: 24906  Temple (1/1) D:4 Zot: 5763
   Lair: D:8-11

Altars:
Ashenzari
Dithmenos
Fedhas
Gozag
Hepliaklqana
Kikubaaqudgha
Makhleb
Nemelex Xobeh
Okawaru
Qazlal
Sif Muna
Trog
Uskayaw
Vehumet
Xom

Annotations:
D:3 Sigmund
D:6 1 runed translucent door, AverageBear's ghost, novice OpFi; Menkaure
D:7 exclusion: door


Innate Abilities, Weirdness & Mutations

You are immune to poison.
You have sharp fingernails.
Your flesh is cold resistant. (rC+)
You are immune to negative energy. (rN+++)
You do not regenerate when monsters are visible.
You are immune to unholy pain and torment.
You thrive by killing the living.


Message History

Aim: a water moccasin (severely wounded, about 62% to evade your +0 quarterstaff)
You hit the water moccasin.
The water moccasin is severely wounded.
The water moccasin bites you.
* * * LOW HITPOINT WARNING * * *
The water moccasin misses you.
Unknown command.
Hit: b) +0 quarterstaff
Press: ? - help, Dir - move target, f/p - water moccasin
Aim: a water moccasin (severely wounded, about 62% to evade your +0 quarterstaff)
You miss the water moccasin.
The water moccasin is severely wounded.
The water moccasin bites you.
* * * LOW HITPOINT WARNING * * *
The water moccasin bites you.
* * * LOW HITPOINT WARNING * * *
Unknown command.
Hit: b) +0 quarterstaff
Press: ? - help, Dir - move target, f/p - water moccasin
Aim: a water moccasin (severely wounded, about 62% to evade your +0 quarterstaff)
You miss the water moccasin.
The water moccasin is severely wounded.
The water moccasin bites you but does no damage.
The water moccasin misses you.
Unknown command.
Hit: b) +0 quarterstaff
Press: ? - help, Dir - move target, f/p - water moccasin
Aim: a water moccasin (severely wounded, about 62% to evade your +0 quarterstaff)
You barely miss the water moccasin.
The water moccasin is severely wounded.
The water moccasin bites you!
* * * LOW HITPOINT WARNING * * *
Unknown command.
Hit: b) +0 quarterstaff
Press: ? - help, Dir - move target, f/p - water moccasin
Aim: a water moccasin (severely wounded, about 62% to evade your +0 quarterstaff)
You hit the water moccasin but do no damage.
The water moccasin is severely wounded.
The water moccasin bites you!
You die...

..##.#.#.######.##.########
.........S@.....##........#
#....#..######..#.........#
##. #..# #.>#.#.......#
#... #..#...#####.# #...
#..##### # #.... .... .5...
##### .....#


You could see a water moccasin.

Vanquished Creatures
  A hornet (D:5)
  An ice beast (D:8)
  A phantom (D:4)
  A kobold brigand (D:4)
  A bullfrog (D:5)
  A scorpion (D:6)
  6 killer bees
  A howler monkey (D:7)
  5 hounds
  3 orc priests (D:5)
  2 jellies
  2 sleepcaps
  3 iguanas
  7 gnolls
  6 adders
  A shadow imp (D:5)
  2 white imps
  A dart slug (D:4)
  7 orcs
  8 endoplasms
  6 giant cockroaches
  2 goblins (D:4)
  4 hobgoblins
  8 jackals
  29 kobolds
  5 quokkas
  9 ball pythons
  5 bats
  3 frilled lizards
  4 rats
135 creatures vanquished.

Vanquished Creatures (others)
  63 plants (D:4)
63 creatures vanquished.

Grand Total: 198 creatures vanquished

Notes
Turn   | Place    | Note
-------+----------+-------------------------------------------
     0 | D:1      | FallingFreak the Ghoul Venom Mage began the quest for the
                  | Orb.
     0 | D:1      | Reached XP level 1. HP: 14/14 MP: 2/2
    43 | D:1      | You miscast Sting.
   673 | D:1      | Found a faded altar of an unknown god.
   806 | D:1      | Reached XP level 2. HP: 20/20 MP: 1/3
  1113 | D:1      | You miscast Sting.
  1507 | D:1      | You miscast Sting.
  1785 | D:1      | You miscast Sting.
  2114 | D:2      | Increase (s)trength, (i)ntelligence, or (d)exterity?
  2114 | D:2      | Reached XP level 3. HP: 26/26 MP: 3/5
  2524 | D:2      | You miscast Sting.
  2527 | D:2      | You miscast Sting.
  2723 | D:2      | Identified the +0 pair of boots of Bitterness {Int+5}
  2770 | D:2      | You miscast Sting.
  2803 | D:2      | You miscast Sting.
  3140 | D:2      | Learned a level 2 spell: Poisonous Vapours
  3141 | D:3      | Noticed Sigmund
  3457 | D:3      | Found an opulent altar of Gozag.
  3466 | D:3      | Found a shimmering blue altar of Sif Muna.
  3481 | D:3      | You miscast Sting.
  3535 | D:3      | Reached XP level 4. HP: 31/33 MP: 3/6
  3809 | D:3      | Found a burning altar of Makhleb.
  4109 | D:4      | You miscast Sting.
  4116 | D:4      | Reached skill level 1 in Fighting
  4190 | D:4      | You miscast Sting.
  4415 | D:4      | You miscast Sting.
  4430 | D:4      | You miscast Sting.
  4618 | D:4      | You miscast Sting.
  4623 | D:4      | Found a staircase to the Ecumenical Temple.
  4662 | D:4      | Reached skill level 1 in Armour
  4735 | D:4      | Reached skill level 1 in Air Magic
  4735 | D:4      | Reached XP level 5. HP: 11/40 MP: 1/7
  5120 | D:4      | Noticed a kobold brigand
  5263 | Temple   | Entered the Ecumenical Temple
  5338 | Temple   | Became a worshipper of Warmaster Okawaru
  5361 | D:4      | Killed a kobold brigand
  5885 | D:4      | Reached XP level 6. HP: 48/48 MP: 4/8
  6422 | D:4      | You miscast Sting.
  7171 | D:5      | Entered Level 5 of the Dungeon
  7179 | D:5      | You miscast Sting.
  7184 | D:5      | You miscast Sting.
  7185 | D:5      | You miscast Sting.
  7256 | D:5      | Noticed a hornet
  7263 | D:5      | Killed a hornet
  7264 | D:5      | Reached XP level 7. HP: 46/57 MP: 2/10
  7779 | D:5      | Found a hazy altar of Hepliaklqana.
  7846 | D:5      | You miscast Poisonous Vapours.
  8229 | D:5      | You miscast Poisonous Vapours.
  8526 | D:5      | A sourceless malevolence fills the Dungeon...
  8526 | D:5      | You fall into a shaft and drop 3 floors!
  8738 | D:7      | Found a sand-covered staircase.
  8800 | D:7      | You miscast Sting.
  8802 | D:7      | You miscast Sting.
  8893 | D:7      | Reached * piety under Okawaru
  8899 | D:7      | Reached XP level 8. HP: 53/66 MP: 8/12
  9641 | D:8      | Reached skill level 1 in Invocations
 10064 | D:6      | You miscast Sting.
 10138 | D:6      | Found Foetyx's General Store.
 10412 | D:6      | Found a runed translucent door.
 10435 | D:6      | Noticed AverageBear's ghost (novice OpFi)
 10437 | D:6      | Noticed Menkaure
 10495 | D:5      | You miscast Sting.
 10496 | D:5      | You miscast Sting.
 10858 | D:5      | Reached skill level 5 in Fighting
 11000 | D:5      | You miscast Sting.
 11582 | D:6      | You miscast Sting.
 11983 | D:7      | Reached ** piety under Okawaru
 11984 | D:7      | Reached skill level 5 in Poison Magic
 12047 | D:7      | Slain by a water moccasin

Illustrated notes

Levels and vault maps discovered:
D:1:      wheals_arrival_linesprint, layout_basic,
          nicolae_ecumenical_lake_church
D:2:      layout_rooms
D:3:      layout_rooms, lightli_temple_of_fire, mainiacjoe_overflow_swirl,
          uniq_sigmund
D:4:      kennysheep_kobold_camp, layout_cave_pods,
          minmay_temple_entry_statues_fountains
D:5:      layout_basic, mainiacjoe_overflow_small_starburst
D:6:      layout_rooms, serial_shops, nicolae_shop_behind_doors,
          ebering_ghost_sewer_d, uniq_menkaure
D:7:      layout_basic, gammafunk_temple_overflow_claw,
          lightli_ossuary_entry_decrepit_ruins
D:8:      layout_gridville, uniq_grum
Temple:   cyrus_circular_temple

Skill      XL: |  1  2  3  4  5  6  7  8 |
---------------+-------------------------+-----
Dodging        | 2 |  2.3
Spellcasting   | 2 3 |  3.6
Stealth        | 3 |  3.0
Fighting       | 1 2 3 4 5 |  5.3
Armour         | 1 2 3 4 |  4.4
Air Magic      | 1 2 3 |  3.2
Poison Magic   | 4 5 |  5.0
Invocations    | 2 |  2.8
Transmutations | |  0.8

Action                     |  1- 3 |  4- 6 |  7- 9 || total
---------------------------+-------+-------+-------++-------
  Melee: Unarmed           |    46 |    11 |       ||    57
         Quarterstaff      |       |       |    66 ||    66
         Dagger            |       |       |    25 ||    25
  Throw: Stone             |     3 |    26 |       ||    29
         Javelin           |       |     4 |    10 ||    14
         Dart              |       |       |    11 ||    11
   Cast: Sting             |    59 |   112 |    89 ||   260
         Poisonous Vapours |       |     2 |    50 ||    52
    Use: Scroll            |       |       |     5 ||     5
   Stab: Sleeping          |       |       |     1 ||     1
 Armour: Robe              |    15 |     8 |    26 ||    49
  Dodge: Dodged            |    40 |    60 |   110 ||   210

Table legend: (Time is in decaauts)
 A = Elapsed time spent in this place.
 B = Non-inter-level travel time spent in this place.
 C = Inter-level travel time spent in this place.
 D = Time resting spent in this place.
 E = Time spent auto-exploring this place.
 F = Levels seen in this place.
 G = Mean time per level.
                   A        B        C        D        E       F      G
               +--------+--------+--------+--------+--------+-----+--------+
         Total |  12084 |  11804 |    280 |   6519 |   3129 |   9 | 1342.7 |
       Dungeon |  11848 |  11582 |    266 |   6368 |   3077 |   8 | 1481.0 |
        Temple |    236 |    222 |     14 |    151 |     52 |   1 |  236.0 |
               +--------+--------+--------+--------+--------+-----+--------+

Top non-repeatable levels by time:
     D:4: 3160 daAuts
     D:1: 1958 daAuts
     D:5: 1716 daAuts
     D:2: 1270 daAuts
     D:8: 1109 daAuts
     D:6: 1106 daAuts
     D:7: 789 daAuts
     D:3: 737 daAuts
  Temple: 236 daAuts
